 Dungeon Crawl Stone Soup version 0.19.1 (webtiles) character file.

68 SQman the Grave Robber (level 4, -2/30 HPs)
             Began as a Vampire Necromancer on Dec 6, 2016.
             Slain by a bullfrog (8 damage)
             ... on level 3 of the Dungeon.
             The game lasted 00:17:43 (1882 turns).

SQman the Grave Robber (Vampire Necromancer)        Turns: 1882, Time: 00:17:44

Health: -2/30      AC:  3    Str:  7    XL:     4   Next: 1%
Magic:  4/8        EV: 13    Int: 18    God:
Gold:   186        SH:  0    Dex: 14    Spells: 3 memorised, 3 levels left

rFire  . . .     SeeInvis +     l - +0 dagger (protect)
rCold  + . .     Gourm    .     e - +1 robe
rNeg   + + .     Faith    .     (no shield)
rPois  +         Spirit   .     (no helmet)
rElec  .         Reflect  .     (no cloak)
rCorr  .         Harm     .     (no gloves)
MR     .....                    (no boots)
Stlth  +++.......               f - amulet of magic regeneration
                                (no ring)
                                c - ring of flight

@: very slightly contaminated, regenerating
A: fangs 3, see invisible, unbreathing
a: Bat Form, Evoke Flight


You were on level 3 of the Dungeon.
You were thirsty.

You visited 1 branch of the dungeon, and saw 3 of its levels.

You collected 186 gold pieces.

Inventory:

Hand Weapons
 g - a +0 short sword
 i - a +0 short sword
 l - a +0 dagger of protection (weapon)
Missiles
 d - 112 stones (quivered)
Armour
 a - a +0 robe
 e - a +1 robe (worn)
Jewellery
 c - a ring of flight (left hand)
 f - an amulet of magic regeneration (around neck)
Scrolls
 h - a scroll of fog
 n - 2 scrolls of identify
Potions
 j - a potion of might
 m - a potion of lignification
Books
 b - a book of Necromancy

   Spells                             Type                      Level
   a - Pain                           Necromancy                   1
   b - Animate Skeleton               Necromancy                   1
   c - Vampiric Draining              Necromancy                   3
   d - Regeneration                   Charms/Necromancy            3
   e - Animate Dead                   Necromancy                   4
   f - Control Undead                 Necromancy                   4


   Skills:
 + Level 0.1 Fighting
 + Level 2.5 Dodging
 + Level 3.3 Stealth
 + Level 0.2 Unarmed Combat
 + Level 2.7 Spellcasting
 + Level 5.2 Necromancy


You had 3 spell levels left.
You knew the following spells:

 Your Spells              Type           Power        Failure   Level  Hunger
a - Pain                  Necr           ###.         1%          1    None
b - Animate Skeleton      Necr           N/A          1%          1    None
c - Regeneration          Chrm/Necr      ##........   21%         3    ###....


Dungeon Overview and Level Annotations

Branches:
Dungeon (3/15)

Altars:


Innate Abilities, Weirdness & Mutations

You heal slowly.
You have razor-sharp teeth.
You have supernaturally acute eyesight. (SInv)
You can survive without breathing.


Message History

The gnoll moves out of view.
The leopard gecko moves out of view.
The gnoll closely misses you. The bullfrog hits you.
Casting: Pain
Confirm with . or Enter, or press ? or * to list all spells.
Aiming: Pain
Press: ? - help, Shift-Dir - straight line, f - bullfrog
Aim: a bullfrog (lightly wounded, chance to defeat MR: 80%)
The bullfrog writhes in agony!
The bullfrog hits you.
* * * LOW HITPOINT WARNING * * *
The bullfrog closely misses you.
Casting: Pain
Confirm with . or Enter, or press ? or * to list all spells.
Your skin crawls.
The bullfrog snags a nearby hornet with its tongue.
The bullfrog hits you.
* * * LOW HITPOINT WARNING * * *
The bullfrog closely misses you. The bullfrog hits you!
You die...

#
#...F......#g..
#
##########.#g#
#. # #g.# .. .
##.## ### #. .
#.## #.. ##. .
##g###.# ..
##g#.# .#####.
##F# .......
#@# #. #. #.#
#.### #.. #..#.
.... #... #####
##.# #.# #.#
#######.#
#.......#


You could see a bullfrog and 2 gnolls.

Vanquished Creatures
  An adder (D:2)
  An ooze (D:2)
  A worm (D:2)
  A dart slug (D:2)
  3 leopard geckos (D:2)
  2 giant cockroaches
  11 goblins
  4 hobgoblins
  4 kobolds
  5 bats
  3 frilled lizards
  6 rats
42 creatures vanquished.

Vanquished Creatures (collateral kills)
  A worm (D:2)
  A bat (D:1)
  A frilled lizard (D:2)
  2 rats
5 creatures vanquished.

Grand Total: 47 creatures vanquished

Notes
Turn   | Place    | Note
-------+----------+-------------------------------------------
     0 | D:1      | SQman the Vampire Necromancer began the quest for the Orb.
     0 | D:1      | Reached XP level 1. HP: 13/13 MP: 3/3
    10 | D:1      | Learned a level 1 spell: Animate Skeleton
   185 | D:1      | Reached XP level 2. HP: 15/19 MP: 1/5
   780 | D:2      | Reached skill level 5 in Necromancy
   806 | D:2      | Reached XP level 3. HP: 12/24 MP: 4/6
  1036 | D:2      | Learned a level 3 spell: Regeneration
  1713 | D:3      | Learned a level 1 spell: Animate Skeleton
  1837 | D:3      | Reached XP level 4. HP: 30/30 MP: 6/8
  1870 | D:3      | Noticed a bullfrog
  1882 | D:3      | Slain by a bullfrog

Skill      XL: |  1  2 |
---------------+-------+-----
Necromancy     | 5 |  5.2
Fighting       | |  0.1
Dodging        | |  2.5
Stealth        | |  3.3
Unarmed Combat | |  0.2
Spellcasting   | |  2.7

Action                   |  1- 3 |  4- 6 || total
-------------------------+-------+-------++-------
Melee: Unarmed           |    11 |       ||    11
       Bite              |     7 |       ||     7
       Short sword       |    28 |       ||    28
Throw: Stone             |     1 |       ||     1
 Cast: Pain              |    59 |     3 ||    62
       Animate Skeleton  |    19 |       ||    19
       Regeneration      |     2 |     1 ||     3
  Use: Potion            |     7 |       ||     7
       Scroll            |     9 |       ||     9
  Eat: Corpse            |     2 |       ||     2
Armor: Robe              |     5 |       ||     5
Dodge: Dodged            |    45 |     4 ||    49
